 Dungeon Crawl Stone Soup version 0.24.0-13-gcf9b319 (webtiles) character file.

Game seed: 13624513800903871868, levelgen mode: deterministic

114 2bobheroes the Grave Robber (level 4, -1/26 HPs)
             Began as a Deep Elf Necromancer on Feb 17, 2020.
             Slain by Pikel
             ... wielding a +0 whip of electrocution
              (18 damage)
             ... on level 3 of the Dungeon.
             The game lasted 00:14:31 (4429 turns).

2bobheroes the Grave Robber (Deep Elf Necromancer)  Turns: 4429, Time: 00:14:32

Health: -1/26      AC:  3    Str:  5    XL:     4   Next: 67%
Magic:  7/10       EV: 17    Int: 21    God:
Gold:   92         SH:  0    Dex: 15    Spells: 1/9 levels left

rFire    . . .     SeeInvis .   s - +0 spear
rCold    . . .     Gourm    .   (no shield)
rNeg     . . .     Faith    .   a - +0 robe
rPois    .         Spirit   .   (no helmet)
rElec    .         Reflect  .   (no cloak)
rCorr    .         Harm     .   w - +0 pair of gloves
MR       .....                  (no boots)
Stlth    ++........             (no amulet)
HPRegen  0.08/turn              j - +3 ring of evasion
MPRegen  0.12/turn              (no ring)

@: no status effects
A: no striking features
a: no special abilities


You were on level 3 of the Dungeon.
You were not hungry.

You visited 1 branch of the dungeon, and saw 4 of its levels.

You collected 92 gold pieces.

Inventory:

Hand Weapons
 b - a +0 short sword
 e - a +0 dagger
 g - a +0 mace
 s - a +0 spear (weapon)
 y - a +0 morningstar
Missiles
 f - 24 arrows
 i - 19 bolts
 k - 136 stones (quivered)
 r - 13 poisoned darts
Armour
 a - a +0 robe (worn)
 w - a +0 pair of gloves (worn)
Jewellery
 j - a +3 ring of evasion (left hand)
 u - an uncursed amulet of magic regeneration {unknown}
Scrolls
 h - 2 scrolls of noise {unknown}
 n - 4 scrolls of teleportation {unknown}
 p - 3 scrolls of identify {unknown}
 q - 3 scrolls of amnesia {unknown}
 t - 2 scrolls of remove curse {unknown}
 x - a scroll of fog {unknown}
Potions
 d - a potion of curing {unknown}
 l - a potion of haste {unknown}
 m - 2 potions of might {unknown}
 o - a potion of heal wounds {unknown}
 v - a potion of agility {unknown}
Comestibles
 c - 3 rations
 z - 3 chunks of flesh


   Skills:
 + Level 1.6 Fighting
 * Level 1.3 Polearms
 + Level 3.6 Dodging
 + Level 2.6 Stealth
 - Level 3.0 Spellcasting
 - Level 5.4 Necromancy


You had one spell level left.
You knew the following spells:

 Your Spells              Type           Power        Failure   Level  Hunger
a - Animate Skeleton      Necr           N/A          1%          1    None
b - Pain                  Necr           ####         1%          1    None
c - Vampiric Draining     Necr           ####......   4%          3    ###....
d - Regeneration          Chrm/Necr      ##........   13%         3    ###....

Your spell library contained the following spells:

 Spells                   Type           Power        Failure   Level  Hunger
 Animate Dead             Necr           N/A          14%         4    ####...


Dungeon Overview and Level Annotations

Branches:
Dungeon (4/15)
 Temple: D:4-7

Altars:
Ashenzari
Yredelemnul

Annotations:
D:3 Pikel


Message History

You hit the dart slug.
The dart slug is almost dead.
Pikel misses you. The dart slug misses you.
You hit the dart slug but do no damage.
The dart slug is almost dead.
Pikel hits you with a +0 whip of electrocution.
You hit the dart slug.
You kill the dart slug!
Pikel completely misses you.
You see here a dart slug corpse.
Casting: Pain (safe; 1% risk of failure)
Confirm with . or Enter, or press ? or * to list all spells.
Aiming: Pain (safe; 1% risk of failure)
Press: ? - help, Shift-Dir - straight line, f - Pikel
Aim: Pikel, wielding a +0 whip of electrocution and wearing a +0 robe (chance to defeat MR: 84%) Pikel writhes in agony.
Pikel hits you with a +0 whip of electrocution.
You are electrocuted!!
Ouch! That really hurt!
You die...

.........#.....<...#.....#.##.#.#
.........#.........#.###.#.##.#.#
.........#.........#.#...#Z#..#.#
..########.........#.#.###.#.##.#
..# #######.#.#.......#.##.# ####
#...###.#####.##.# ...# ##### #.#
#.##.. ...# ######### #.# #.....
...# #....@K.# #.########## ...#
#.#####.# #........# #
...#########.# #.##########.# #
...#......##.#####......## #.# #
...#......##.............# #.# #
...#......##.............## #.# #
..........##..............# #.#
#.#.......##..............###.#
..#.......##..................#


You could see Pikel.

Vanquished Creatures
  3 adders (D:3)
  A gnoll (D:1)
  2 worms
  3 dart slugs
  5 leopard geckos
  2 giant cockroaches
  7 goblins
  10 hobgoblins
  5 kobolds
  7 bats
  3 frilled lizards
  2 rats
  A spectral orc (D:3)
51 creatures vanquished.

Vanquished Creatures (collateral kills)
  A worm (D:2)
  A dart slug (D:2)
  A bat (D:1)
  3 goblins
  3 hobgoblins
  A rat (D:1)
10 creatures vanquished.

Grand Total: 61 creatures vanquished

Notes
Turn   | Place    | Note
-------+----------+-------------------------------------------
     0 | D:1      | 2bobheroes the Deep Elf Necromancer began the quest for the
                  | Orb.
     0 | D:1      | Reached XP level 1. HP: 10/10 MP: 6/6
   541 | D:1      | Reached skill level 5 in Necromancy
   711 | D:1      | Learned a level 1 spell: Animate Skeleton
   819 | D:1      | Reached XP level 2. HP: 16/16 MP: 8/8
   823 | D:1      | You fall into a shaft and drop 1 floor!
  1517 | D:1      | Reached skill level 1 in Fighting
  1629 | D:1      | Reached XP level 3. HP: 6/20 MP: 9/9
  1643 | D:1      | Learned a level 3 spell: Vampiric Draining
  1647 | D:1      | Learned a level 3 spell: Regeneration
  3170 | D:3      | Found a basalt altar of Yredelemnul.
  3299 | D:3      | Reached XP level 4. HP: 22/25 MP: 6/10
  3315 | D:3      | Reached skill level 1 in Polearms
  3447 | D:3      | Found a shattered altar of Ashenzari.
  3973 | D:4      | Noticed a slave
  3973 | D:4      | Noticed a slave
  3974 | D:4      | Noticed a slave
  3974 | D:4      | Noticed a slave
  3975 | D:4      | Noticed Pikel
  4429 | D:3      | Slain by Pikel

Levels and vault maps discovered:
D:1:      psy_arrival_terrarium, layout_basic
D:2:      layout_basic
D:3:      layout_basic, yredelemnul_forgotten_temple_becter, first_ration,
          evilmike_ruin_ashenzari
D:4:      minmay_inner_zag, layout_cave_pools,
          minmay_a_box_with_orc_wizards_in_it, uniq_pikel

Skill      XL: |  1  2  3  4 |
---------------+-------------+-----
Necromancy     | 5 |  5.4
Fighting       | 1 |  1.6
Dodging        | 3 |  3.6
Polearms       | 1 |  1.3
Stealth        | |  2.6
Spellcasting   | |  3.0

Action                   |  1- 3 |  4- 6 || total
-------------------------+-------+-------++-------
Melee: Dagger            |    88 |       ||    88
       Unarmed           |     1 |       ||     1
       Spear             |    92 |    58 ||   150
 Cast: Pain              |    28 |    12 ||    40
       Animate Skeleton  |    19 |     1 ||    20
       Regeneration      |     1 |     1 ||     2
 Stab: Sleeping          |     3 |     2 ||     5
       Distracted        |     1 |       ||     1
  Eat: Chunk             |     8 |     3 ||    11
Armor: Robe              |    29 |     6 ||    35
Dodge: Dodged            |   180 |    46 ||   226
